 Dungeon Crawl Stone Soup version 0.26.1-2-gb8aa6d0cf2 (webtiles) character file.

Game seed: 15041583615788643629

9 Descartes the Magician (level 2, -2/15 HPs)
             Began as a Deep Elf Wanderer on Mar 30, 2021.
             Killed from afar by a dart slug (4 damage)
             ... with a slug dart
             ... on level 1 of the Dungeon.
             The game lasted 00:01:47 (509 turns).

Descartes the Magician (Deep Elf Wanderer)           Turns: 509, Time: 00:01:48

Health: -2/15      AC:  2    Str: 11    XL:     2   Next: 6%
Magic:  7/12       EV: 10    Int: 15    God:
Gold:   0          SH:  4    Dex: 13    Spells: 13/15 levels left

rFire    x . .     SeeInvis .   l - +0 whip (curse)
rCold    + . .     Faith    .   c - +0 buckler
rNeg     . . .     Spirit   .   d - +0 robe
rPois    .         Reflect  .   (no helmet)
rElec    .         Harm     .   (no cloak)
rCorr    .         Rampage  .   (no gloves)
Will     .....                  (no boots)
Stlth    ++........             (no amulet)
HPRegen  0.05/turn              h - ring of ice
MPRegen  0.13/turn              (no ring)

@: no status effects
A: no striking features
a: no special abilities


You were on level 1 of the Dungeon.
You visited 1 branch of the dungeon, and saw 1 of its levels.

Inventory:

Hand Weapons
 a - a +0 dagger
 l - a cursed +0 whip (weapon)
Missiles
 b - 3 stones (quivered)
Armour
 c - a +0 buckler (worn)
 d - a +0 robe (worn)
Jewellery
 h - a ring of ice (left hand)
Scrolls
 f - a scroll of amnesia {unknown}
 i - a scroll of random uselessness {unknown}
 j - a scroll of magic mapping {unknown}
 k - a scroll of teleportation {unknown}
Potions
 e - 2 potions of haste {unknown}
 g - a potion of flight {unknown}


   Skills:
 - Level 1.2 Stealth
 * Level 1.4 Shields
 - Level 7.2 Spellcasting
 - Level 1.3 Hexes
 + Level 0.8 Necromancy
 + Level 2.4 Ice Magic


You had 13 spell levels left.
You knew the following spells:

 Your Spells              Type           Power        Failure   Level
a - Freeze                Ice            76%          6%          1
b - Pain                  Necr           28%          13%         1

Your spell library contained the following spells:

 Spells                   Type           Power        Failure   Level
 Frozen Ramparts          Ice            38%          19%         3
 Ozocubu's Armour         Ice            19%          19%         3
 Vampiric Draining        Necr           3%           36%         3
 Hailstorm                Conj/Ice       13%          71%         4
 Summon Ice Beast         Ice/Summ       13%          71%         4


Dungeon Overview and Level Annotations

Branches:
Dungeon (1/15)

Altars:


Message History

Casting: Freeze (safe; 6% risk of failure)
Confirm with . or Enter, or press ? or * to list all spells.
Aiming: Freeze (safe; 6% risk of failure)
Press: ? - help, Shift-Dir - straight line, f - dart slug
Aim: a dart slug You feel a surge of power!
You freeze the dart slug.
The dart slug is heavily wounded.
The dart slug launches a dart at you. The slug dart hits you.
* * * LOW HITPOINT WARNING * * *
Casting: Freeze (safe; 6% risk of failure)
Confirm with . or Enter, or press ? or * to list all spells.
Aiming: Freeze (safe; 6% risk of failure)
Press: ? - help, Shift-Dir - straight line, f/p - dart slug
Aim: a dart slug (heavily wounded)
You feel a surge of power!
You freeze the dart slug.
The dart slug is severely wounded.
The dart slug launches a dart at you. The slug dart hits you.
You die...

#. ### #. #.. ##.# #.#
##...## #.# ###.....##
######.# .........
.........
#.....###############..
#....@†...............
##.#w####w############
# #.# #.# #.# #.# #.#
#.# ... #.# ... #.# ...
...


You could see 2 dart slugs.

Vanquished Creatures
  A goblin (D:1)
  A hobgoblin (D:1)
  4 jackals (D:1)
  A kobold (D:1)
  A rat (D:1)
8 creatures vanquished.

Notes
Turn   | Place    | Note
-------+----------+-------------------------------------------
     0 | D:1      | Descartes the Deep Elf Wanderer began the quest for the
                  | Orb.
     0 | D:1      | Descartes set off with the following items: a +0 dagger, a
                  | +0 buckler, a +0 robe; and the following spells available
                  | to memorise: Freeze, Pain, Frozen Ramparts, Ozocubu's
                  | Armour, Vampiric Draining, Hailstorm, Summon Ice Beast
     0 | D:1      | Reached XP level 1. HP: 10/10 MP: 10/10
     2 | D:1      | Learned a level 1 spell: Freeze
     4 | D:1      | Learned a level 1 spell: Pain
   494 | D:1      | Reached XP level 2. HP: 10/15 MP: 9/12
   509 | D:1      | Killed from afar by a dart slug

Illustrated notes

Levels and vault maps discovered:
D:1:      lemuel_arrival_lava_pool, layout_loops_ring

Action                   || total
-------------------------++-------
Melee: Dagger            ||    10
 Cast: Freeze            ||    13
Armor: Robe              ||     4
Dodge: Dodged            ||    10
Block: Buckler           ||     2
